 Dungeon Crawl Stone Soup version 0.31-a0-986-g5e6e4ef867 (webtiles) character file.

Game seed: 4463804519034090959

49 Xavori the Trooper (level 4, -7/35 HPs)
             Began as a Djinni Chaos Knight on Nov 12, 2023.
             Was a Plaything of Xom.
             Mangled by a gnoll
             ... wielding a +0 club
              (8 damage)
             ... on level 2 of the Dungeon.
             The game lasted 00:01:26 (10449 turns).

Xavori the Trooper (Djinni Chaos Knight)           Turns: 10449, Time: 00:01:27

Health: -7/35      AC:  6    Str: 15    XL:     4   Next: 1%
Gold:   98         EV: 12    Int: 11    God:    Xom [......] SH:  0 Dex: 11

rFire   + + .        a - +0 falchion (chaos)
rCold   x . .        (no shield)
rNeg    . . .        b - +2 leather armour
rPois   ∞            (helmet restricted)
rElec   .            (no cloak)
rCorr   .            (no gloves)
SInv    .            (boots unavailable)
Will    .....        (no amulet)
Stlth   +            (no ring)
HPRegen 0.25/turn    (no ring)
MPRegen 0.00/turn

%: infuse magic (-8 HP)
@: flying
A: sickness immunity, fire resistance 2, cold vulnerability 1, float, innate
caster, HP casting, extra vitality 1, horns 1, clumsy 1, dopey 1, shaggy fur 1,
strong 1, devolution 1
a: Renounce Religion


You were on level 2 of the Dungeon.
You worshipped Xom.
You were a very special plaything of Xom.
You visited 1 branch of the dungeon, and saw 2 of its levels.

You collected 98 gold pieces.

Inventory:

Hand Weapons
 a - a +0 falchion of chaos (weapon)
Armour
 b - a +2 leather armour (worn)
Wands
 j - a wand of acid (5)
Scrolls
 c - a scroll of butterflies
 f - a scroll of fog {unknown}
 h - a scroll of noise {unknown}
 k - a scroll of enchant armour {unknown}
 l - a scroll of enchant weapon {unknown}
Potions
 d - a potion of magic {unknown}
 e - a potion of degeneration {unknown}
 g - a potion of brilliance {unknown}
 i - 3 potions of curing {unknown}


   Skills:
 + Level 3.3 Fighting
 + Level 3.0 Long Blades
 + Level 1.6 Armour
 + Level 2.6 Dodging
 * Level 1.0 Spellcasting
 * Level 1.0 Conjurations
 * Level 1.0 Hexes
   Level 0.0 Charms
 * Level 1.0 Summonings
 * Level 1.0 Necromancy
 * Level 1.0 Translocations
 * Level 1.0 Transmutations
 * Level 1.0 Fire Magic
 * Level 1.0 Ice Magic
 * Level 1.0 Air Magic
 * Level 1.0 Earth Magic
 * Level 1.0 Poison Magic
 + Level 0.1 Evocations


You knew the following spells:

 Your Spells              Type           Power      Damage    Failure   Level
a - Freeze                Ice            8%         1d3       26%         1
Your spell library was empty.

Dungeon Overview and Level Annotations

Branches:
Dungeon (2/15)

Altars:


Innate Abilities, Weirdness & Mutations

You are immune to sickness and miasma.
You are immune to poison.
Your flesh is very heat resistant. (rF++)
You are vulnerable to cold. (rC-)
You float through the air rather than walking.
You learn spells naturally, not from books.
Your magical power is your life essence.
You have superior vitality. (+4 MHP)
You have a pair of small horns on your head.
You are clumsy. (Dex -2)
You are dopey. (Int -2)
You are covered in fur. (AC +1)
Your muscles are strong. (Str +4, Int/Dex -1)
You have hidden genetic defects.


Message History

You barely miss the gnoll.
The gnoll is heavily wounded.
The gnoll barely misses you. x2; The gnoll hits you with a +0 club.
You hit the gnoll. You freeze the gnoll.
The gnoll is almost dead.
The gnoll closely misses you. The gnoll hits you with a +0 flail.
The gnoll hits you with a +0 club. The gnoll hits you with a +0 flail.
The gnoll barely misses you. The gnoll attacks as it pursues you!
The gnoll hits you with a +0 flail!
* * * LOW HITPOINT WARNING * * *
The gnoll attacks as it pursues you! The gnoll hits you but does no damage.
The gnoll attacks as it pursues you! The gnoll barely misses you.
The gnoll closely misses you. The gnoll attacks as it pursues you!
The gnoll closely misses you. x2
The gnoll closely misses you.
The gnoll rages.
The gnoll attacks as it pursues you! The gnoll hits you but does no damage.
The gnoll attacks as it pursues you! The gnoll misses you.
The gnoll hits you with a +0 flail.
* * * LOW HITPOINT WARNING * * *
There is an escape hatch in the floor here.
You hit the gnoll. Lightning courses through the gnoll!!
You kill the gnoll!
You have reached level 4!
You feel clever.
You hit the gnoll but do no damage. The gnoll hits you with a +0 club.
* * * LOW HITPOINT WARNING * * *
You hit the gnoll.
The gnoll resists with some effort.
The gnoll is heavily wounded.
The gnoll closely misses you. The gnoll barely misses you.
The gnoll closely misses you.
You hit the gnoll but do no damage.
The gnoll is heavily wounded.
The gnoll closely misses you. The gnoll hits you but does no damage.
You barely miss the gnoll.
The gnoll is heavily wounded.
The gnoll hits you with a +0 flail.
* * * LOW HITPOINT WARNING * * *
The gnoll hits you with a +0 club!
You die...

#............#.........#
##............#.........#
..............#.........#
###...........#.........#########
#.....................'........
####...####.#.........#########
#####.####.#.........#
...........'.gg......#
#####....#.#.@.......#
#........#.........#
#..#.#.#>####.###### #..#.#.###
#.# #. #†#.# #.### .
#.#.######...# .# #.#......###.#
#.......####.#
#.####.######.....############


You could see 2 gnolls.

Vanquished Creatures
  An adder (D:2)
  A gnoll (D:2)
  A dart slug (D:1)
  2 ball pythons (D:1)
  4 bats
  5 endoplasms
  A goblin (D:1)
  4 hobgoblins (D:1)
  4 kobolds (D:1)
  A frilled lizard (D:1)
  3 rats
27 creatures vanquished.

Notes
Turn   | Place    | Note
-------+----------+-------------------------------------------
     0 | D:1      | Xavori the Djinni Chaos Knight began the quest for the Orb.
     0 | D:1      | Reached XP level 1. HP: 20/20 MP: 0/0
   100 | D:1      | XOM: silly message
   102 | D:1      | Reached XP level 2. HP: 17/25 MP: 0/0
   168 | D:1      | XOM: divination: detect items
   257 | D:1      | Reached XP level 3. HP: 28/30 MP: 0/0
   257 | D:1      | Learned a level 1 spell: Freeze
   331 | D:1      | XOM: silly message
   688 | D:1      | XOM: silly message
   904 | D:1      | XOM: silly message
  1628 | D:1      | XOM: silly message
  2317 | D:1      | XOM: silly message
  4627 | D:1      | XOM: divination: detect creatures
  5588 | D:1      | XOM: give mutation
  6647 | D:1      | XOM: god gift: 36 gold pieces
  6959 | D:1      | XOM: give mutation
  6959 | D:1      | Gained mutation: Your muscles are strong. (Str +4, Int/Dex
                  | -1) [Xom's grace]
  7715 | D:1      | XOM is BORED!
  7715 | D:1      | XOM: give mutations
  7715 | D:1      | Gained mutation: Your movements are slightly less
                  | encumbered by armour. (ER -2) [Xom's mischief]
  7715 | D:1      | Gained mutation: You are clumsy. (Dex -2) [Xom's mischief]
  7715 | D:1      | Gained mutation: You are covered in fur. (AC +1) [Xom's
                  | mischief]
  8071 | D:1      | XOM: give mutations
  8071 | D:1      | Lost mutation: Your movements are slightly less encumbered
                  | by armour. (ER -2) [Xom's mischief]
  8071 | D:1      | Gained mutation: You have hidden genetic defects. [Xom's
                  | mischief]
  8071 | D:1      | Gained mutation: You are dopey. (Int -2) [Xom's mischief]
  8071 | D:1      | Gained mutation: You have a pair of small horns on your
                  | head. [Xom's mischief]
  8166 | D:1      | XOM: god gift: wand of acid (5)
 10294 | D:2      | XOM: swap monsters
 10335 | D:2      | Reached skill level 1 in Spellcasting
 10335 | D:2      | Reached skill level 1 in Conjurations
 10335 | D:2      | Reached skill level 1 in Hexes
 10335 | D:2      | Reached skill level 1 in Summonings
 10335 | D:2      | Reached skill level 1 in Necromancy
 10335 | D:2      | Reached skill level 1 in Translocations
 10335 | D:2      | Reached skill level 1 in Transmutations
 10335 | D:2      | Reached skill level 1 in Fire Magic
 10335 | D:2      | Reached skill level 1 in Ice Magic
 10335 | D:2      | Reached skill level 1 in Air Magic
 10335 | D:2      | Reached skill level 1 in Earth Magic
 10335 | D:2      | Reached skill level 1 in Poison Magic
 10446 | D:2      | Reached XP level 4. HP: 8/35 MP: 0/0
 10449 | D:2      | HP: 1/35 [gnoll/+0 flail (5)]
 10449 | D:2      | Mangled by a gnoll

Illustrated notes

Levels and vault maps discovered:
D:1:      minmay_arrival_four_houses, layout_rooms
D:2:      layout_basic, minmay_distorted

Skill      XL: |  1  2  3 |
---------------+----------+-----
Long Blades    | 3 |  3.0
Spellcasting   | 1 |  1.0
Conjurations   | 1 |  1.0
Hexes          | 1 |  1.0
Summonings     | 1 |  1.0
Necromancy     | 1 |  1.0
Translocations | 1 |  1.0
Transmutations | 1 |  1.0
Fire Magic     | 1 |  1.0
Ice Magic      | 1 |  1.0
Air Magic      | 1 |  1.0
Earth Magic    | 1 |  1.0
Poison Magic   | 1 |  1.0
Fighting       | |  3.3
Armour         | |  1.6
Dodging        | |  2.6
Evocations     | |  0.1

Action                     |  1- 3 |  4- 6 || total
---------------------------+-------+-------++-------
  Melee: Falchion          |    76 |     4 ||    80
         Headbutt          |     2 |       ||     2
   Stab: Paralysed         |     2 |       ||     2
 Armour: Leather armour    |    59 |     4 ||    63
  Dodge: Dodged            |    64 |     4 ||    68

Table legend: (Time is in decaauts)
 A = Elapsed time spent in this place.
 B = Non-inter-level travel time spent in this place.
 C = Inter-level travel time spent in this place.
 D = Time resting spent in this place.
 E = Time spent auto-exploring this place.
 F = Levels seen in this place.
 G = Mean time per level.
                   A        B        C        D        E       F      G
               +--------+--------+--------+--------+--------+-----+--------+
         Total |  10462 |  10448 |     14 |   9704 |    557 |   2 | 5231.0 |
       Dungeon |  10462 |  10448 |     14 |   9704 |    557 |   2 | 5231.0 |
               +--------+--------+--------+--------+--------+-----+--------+

Top non-repeatable levels by time:
     D:1: 10282 daAuts
     D:2: 180 daAuts
